 Dungeon Crawl Stone Soup version 0.31-a0-344-gd109795599 (webtiles) character file.

Game seed: 15314335470611919321

13519 gruber the Eclecticist (level 11, -21/61 HPs)
             Began as a Deep Elf Conjurer on July 21, 2023.
             Was an Elder of Vehumet.
             Demolished by a skeletal warrior
             ... wielding a +0 long sword
              (23 damage)
             ... on level 11 of the Dungeon on July 24, 2023.
             The game lasted 00:18:00 (12696 turns).

gruber the Eclecticist (Deep Elf Conjurer)         Turns: 12696, Time: 00:18:01

Health: -21/61     AC:  9    Str:  4    XL:     11   Next: 76%
Magic:  8/32       EV: 16    Int: 28    God:    Vehumet [****..]
Gold:   668        SH:  0    Dex: 13    Spells: 30/40 levels left

rFire   . . .        u - +6 spear (venom)
rCold   . . .        (no shield)
rNeg    . . .        B - +0 acid dragon scales
rPois   .            m - +0 helmet
rElec   .            n - +0 cloak
rCorr   +            (no gloves)
SInv    .            l - +0 pair of boots
Will    +....        (no amulet)
Stlth   ++           F - ring of wizardry
HPRegen 0.30/turn    z - +5 ring of evasion
MPRegen 0.23/turn

%: wizardry (x1)
@: no status effects
A: no striking features
a: Renounce Religion


You were on level 11 of the Dungeon.
You worshipped Vehumet.
Vehumet was greatly pleased with you.
You visited 1 branch of the dungeon, and saw 11 of its levels.
You also visited: Sewer.

You collected 668 gold pieces.

Inventory:

Hand Weapons
 j - a +3 spectral club
 u - a +6 spear of venom (weapon)
Missiles
 t - 2 throwing nets
 H - 8 curare-tipped darts
Armour
 l - a +0 pair of boots (worn)
 m - a +0 helmet (worn)
 n - a +0 cloak (worn)
 B - +0 acid dragon scales (worn)
Magical Staves
 p - a staff of poison
Jewellery
 x - a ring of protection from fire
 z - a +5 ring of evasion (right hand)
 E - a ring of magical power
 F - a ring of wizardry (left hand)
 K - a ring of flight
Wands
 a - a wand of flame (18)
 b - a wand of paralysis (13)
 v - a wand of digging (5)
 M - a wand of quicksilver (8)
Scrolls
 c - 8 scrolls of identify {unknown}
 f - 5 scrolls of teleportation {unknown}
 g - a scroll of fear {unknown}
 k - 5 scrolls of vulnerability {unknown}
 o - a scroll of noise {unknown}
 s - 3 scrolls of immolation
 y - 2 scrolls of poison {unknown}
 A - a scroll of blinking {unknown}
 G - 2 scrolls of enchant weapon {unknown}
 I - a scroll of torment {unknown}
 L - a scroll of revelation {unknown}
 N - a scroll of acquirement {unknown}
Potions
 d - 3 potions of brilliance {unknown}
 e - a potion of attraction {unknown}
 h - 4 potions of heal wounds
 i - 4 potions of enlightenment
 q - 3 potions of might {unknown}
 r - 2 potions of mutation {unknown}
 w - 3 potions of curing
 C - 2 potions of resistance {unknown}
 D - a potion of berserk rage {unknown}
 J - 3 potions of magic
 O - a potion of degeneration {unknown}


   Skills:
 - Level 4.0 Fighting
 - Level 4.1 Dodging
 - Level 2.4 Stealth
 * Level 15.3 Spellcasting
 - Level 14.3 Conjurations
 - Level 3.0 Translocations
 - Level 5.3 Evocations


You had 30 spell levels left.
You knew the following spells:

 Your Spells              Type           Power      Damage    Failure   Level
a - Magic Dart            Conj           100%       1d8       0%          1
b - Searing Ray           Conj           100%       2d8       0%          2
c - Iskenderun's Mystic   Conj/Tloc      63%        2d13      1%          4
d - Stone Arrow           Conj/Erth      100%       3d13      1%          3

Your spell library contained the following spells:

 Spells                   Type           Power      Damage    Failure   Level
 Hailstorm                Conj/Ice       57%        3d12      1%          3
 Kiss of Death            Conj/Necr      100%       2d13      1%          1
 Lesser Beckoning         Tloc           76%        N/A       1%          2
 Dazzling Flash           Conj/Hex       100%       N/A       1%          3
 Gell's Gravitas          Tloc           38%        N/A       1%          3
 Mephitic Cloud           Conj/Pois/Air  48%        N/A       1%          3
 Teleport Other           Tloc           38%        N/A       1%          3
 Fulminant Prism          Conj/Hex       28%        3d13      1%          4
 Sticky Flame             Conj/Fire      57%        2d7       1%          4
 Irradiate                Conj/Tmut      28%        3d21      1%          5
 Ignite Poison            Fire/Tmut/Pois 21%        N/A       2%          3
 Call Imp                 Summ           42%        N/A       3%          2
 Wereblood                Tmut           21%        N/A       3%          2
 Leda's Unmaking          Conj/Erth      28%        9d5       5%          6
 Confusing Touch          Hex            21%        N/A       7%          3
 Lee's Rapid Deconstruct  Erth           10%        3d8*      16%         5
 Dispel Undead            Necr           21%        3d11      22%         4
 Leda's Liquefaction      Hex/Erth       10%        N/A       22%         4
 Malign Gateway           Summ/Tloc      14%        N/A       100%        7
 Ignition                 Fire           10%        3d5       100%        8
 Summon Horrible Things   Summ           10%        N/A       100%        8


Dungeon Overview and Level Annotations

Branches:
Dungeon (11/15)            Temple (0/1) D:5            Lair (0/5) D:8
    Orc (0/2) D:11          Sewer (visited)

Altars:
Ashenzari
Cheibriados
Elyvilon
Fedhas
Gozag
Nemelex Xobeh
Okawaru
Ru
Trog
Uskayaw
Vehumet
Wu Jian
Xom
The Shining One

Annotations:
D:8 1 runed translucent door, DEFE's ghost, novice DESh


Message History

The searing ray hits the skeletal warrior.
The skeletal warrior is heavily damaged. (Press . to maintain the ray.)
The skeletal warrior hits you with a +0 long sword!!
* * * LOW HITPOINT WARNING * * *
Unknown command.
The searing ray hits the skeletal warrior but does no damage.
The skeletal warrior is almost destroyed.
The searing ray hits the skeletal warrior but does no damage.
The skeletal warrior is severely damaged.
The searing ray hits the wraith.
The wraith is severely damaged.
The searing ray hits the skeletal warrior but does no damage.
The skeletal warrior is heavily damaged.
The skeletal warrior hits you with a +0 long sword!
* * * LOW HITPOINT WARNING * * *
Unknown command.
Unknown command.
The searing ray hits the skeletal warrior!
The skeletal warrior is almost destroyed.
The searing ray hits the skeletal warrior.
The skeletal warrior is severely damaged.
The searing ray hits the wraith.
The wraith is almost destroyed.
The searing ray hits the skeletal warrior.
The skeletal warrior is heavily damaged.
The skeletal warrior misses you.
Unknown command.
Unknown command.
The searing ray hits the skeletal warrior.
The skeletal warrior is almost destroyed.
The searing ray hits the skeletal warrior but does no damage.
The skeletal warrior is severely damaged.
The searing ray hits the wraith.
The wraith is almost destroyed.
The searing ray hits the skeletal warrior but does no damage.
The skeletal warrior is heavily damaged.
You finish channelling your searing ray.
The skeletal warrior hits you with a +0 long sword!!
You die...

######## ##########
.......############........#
######......zWzz@.'........#
##############....†...#
#...†....# ####†##### #....#
#>#### #.# ########## #.#
#........# ##'######


You could see 3 skeletal warriors and a wraith.

Vanquished Creatures
  A centaur warrior (D:11)
  Erica (D:10)
  2 two-headed ogres
  Sonja (D:10)
  A cyclops (D:10)
  A manticore (D:11)
  Maggie (D:7)
  A komodo dragon (D:11)
  A kobold demonologist (D:9)
  2 trolls (D:9)
  2 hornets
  3 shadows
  A wraith (D:10)
  A vampire (D:10)
  A wyvern (D:11)
  A steam dragon (D:7)
  16 yaks
  2 acid dragons
  A water moccasin (D:6)
  9 orc warriors
  3 black bears
  2 ice beasts
  A sky beast (D:6)
  5 centaurs
  A phantom (D:7)
  3 kobold brigands
  7 bullfrogs
  A gnoll sergeant (D:5)
  3 scorpions
  4 wights (D:9)
  11 killer bees
  4 howler monkeys
  2 jellies
  2 hounds
  5 orc priests
  Jessica (D:2)
  Terence (D:2)
  4 iguanas
  8 orc wizards
  5 gnolls (D:5)
  A river rat (Sewer)
  14 adders
  3 shadow imps
  An ufetubus (D:6)
  A worm (D:3)
  2 dart slugs
  62 orcs
  7 ball pythons
  9 endoplasms
  7 giant cockroaches
  14 goblins
  5 hobgoblins
  3 quokkas
  A bat (D:2)
  3 frilled lizards
  16 kobolds
  9 rats
280 creatures vanquished.

Notes
Turn   | Place    | Note
-------+----------+-------------------------------------------
     0 | D:1      | gruber the Deep Elf Conjurer began the quest for the Orb.
     0 | D:1      | Reached XP level 1. HP: 10/10 MP: 6/6
   184 | D:1      | Reached XP level 2. HP: 15/15 MP: 0/8
   361 | D:1      | Reached skill level 5 in Conjurations
   720 | D:1      | Learned a level 2 spell: Searing Ray
   735 | D:1      | Found a faded altar of an unknown god.
   743 | D:1      | Reached XP level 3. HP: 19/19 MP: 6/9
  1123 | D:2      | Noticed Jessica
  1125 | D:2      | Killed Jessica
  1195 | D:2      | Reached XP level 4. HP: 24/24 MP: 8/10
  1266 | D:2      | Learned a level 4 spell: Iskenderun's Mystic Blast
  1588 | D:2      | Noticed Terence
  1594 | D:2      | Killed Terence
  1886 | D:3      | Found an opulent altar of Gozag.
  2007 | D:3      | Reached XP level 5. HP: 28/28 MP: 4/11
  2252 | D:3      | Found a shimmering altar of Xom.
  3123 | D:4      | Reached XP level 6. HP: 32/32 MP: 5/12
  3225 | D:4      | Found a snail-covered altar of Cheibriados.
  3985 | D:4      | Found a radiant altar of Vehumet.
  4083 | D:4      | Became a worshipper of Vehumet
  4217 | D:4      | Found a hide-covered altar of Uskayaw.
  4312 | D:5      | Entered Level 5 of the Dungeon
  4485 | D:5      | Found an iron altar of Okawaru.
  4648 | D:5      | Reached XP level 7. HP: 36/36 MP: 9/13
  4931 | D:5      | Reached skill level 10 in Conjurations
  5256 | D:5      | Found a glowing golden altar of the Shining One.
  5267 | D:5      | Reached skill level 4 in Spellcasting
  5385 | D:5      | Found a sacrificial altar of Ru.
  5419 | D:5      | Found a staircase to the Ecumenical Temple.
  5520 | D:5      | Reached skill level 5 in Spellcasting
  5635 | D:6      | Found a glowing drain.
  5646 | D:6      | Reached * piety under Vehumet
  5646 | D:6      | Offered knowledge of Foxfire by Vehumet.
  5652 | Sewer    | Entered a sewer
  5807 | Sewer    | Reached skill level 6 in Spellcasting
  5807 | Sewer    | Reached XP level 8. HP: 41/41 MP: 14/19
  5862 | Sewer    | Found a white marble altar of Elyvilon.
  5986 | D:6      | Reached skill level 7 in Spellcasting
  6021 | D:6      | Found a white marble altar of Elyvilon.
  6106 | D:6      | Reached skill level 8 in Spellcasting
  6148 | D:6      | Found a bloodstained altar of Trog.
  6172 | D:6      | Found an ornate altar of the Wu Jian Council.
  6521 | D:6      | Found a broken altar of Ashenzari.
  6675 | D:7      | Noticed Maggie
  6677 | D:7      | Reached skill level 9 in Spellcasting
  6743 | D:7      | Paralysed by Maggie for 4 turns
  6753 | D:7      | Killed Maggie
  6754 | D:7      | Reached skill level 10 in Spellcasting
  6852 | D:7      | Reached skill level 11 in Spellcasting
  6852 | D:7      | Reached XP level 9. HP: 40/45 MP: 16/26
  6999 | D:7      | Identified the +6 falchion of the Land of Plenty {heavy,
                  | *Rage *Slow rC++ SInv}
  7132 | D:7      | Reached ** piety under Vehumet
  7132 | D:7      | Offered knowledge of Scorch by Vehumet.
  7133 | D:7      | Reached skill level 12 in Spellcasting
  8010 | D:8      | Found a runed translucent door.
  8016 | D:8      | Noticed a centaur warrior
  8016 | D:8      | Noticed DEFE's ghost (novice DESh)
  8048 | D:8      | Offered knowledge of Inner Flame by Vehumet.
  8136 | D:8      | Found a blossoming altar of Fedhas.
  8160 | D:8      | Reached XP level 10. HP: 41/50 MP: 23/28
  8255 | D:8      | Found a staircase to the Lair.
  8536 | D:8      | Found a sparkling altar of Nemelex Xobeh.
  8694 | D:9      | Reached *** piety under Vehumet
  8898 | D:9      | Offered knowledge of Stone Arrow by Vehumet.
  9011 | D:9      | Learned a level 3 spell: Stone Arrow
  9301 | D:9      | Noticed a two-headed ogre
  9305 | D:9      | Killed a two-headed ogre
  9483 | D:9      | Reached skill level 1 in Fighting
 10266 | D:10     | Entered Level 10 of the Dungeon
 10568 | D:10     | Noticed Erica
 10745 | D:10     | Reached XP level 11. HP: 61/61 MP: 24/29
 10827 | D:10     | Reached skill level 1 in Evocations
 10897 | D:10     | Reached **** piety under Vehumet
 11189 | D:10     | Killed Erica
 11393 | D:10     | Noticed Sonja
 11412 | D:10     | Reached skill level 5 in Evocations
 11454 | D:10     | Killed Sonja
 11454 | D:10     | Offered knowledge of Hailstorm by Vehumet.
 11666 | D:11     | Noticed a two-headed ogre
 11671 | D:11     | Killed a two-headed ogre
 11672 | D:11     | Reached skill level 13 in Spellcasting
 11930 | D:11     | Noticed a centaur warrior
 12122 | D:11     | Found a staircase to the Orcish Mines.
 12171 | D:11     | Reached skill level 14 in Spellcasting
 12310 | D:11     | Killed a centaur warrior
 12541 | D:11     | Reached skill level 15 in Spellcasting
 12665 | D:11     | Noticed a skeletal warrior
 12665 | D:11     | Noticed a skeletal warrior
 12674 | D:11     | Noticed a skeletal warrior
 12694 | D:11     | HP: 1/61 [skeletal warrior/+0 long sword (17)]
 12696 | D:11     | Demolished by a skeletal warrior

Illustrated notes

Levels and vault maps discovered:
D:1:      dpeg_arrival_arbitrary_b, layout_basic,
          hellmonk_ecumenical_altar_pennies_from_heaven, patterned_corridor
D:2:      layout_rooms, minmay_misc_feat_doors, uniq_jessica, uniq_terence
D:3:      layout_loops_ring, mainiacjoe_overflow_paths,
          mainiacjoe_overflow_small_starburst, kennysheep_big_empty_room
D:4:      layout_loops_ring, mainiacjoe_overflow_tiny_flanked,
          kennysheep_mini_moat, nicolae_vehumet_altar_sigil
D:5:      layout_rooms, overflow_temple_1_default,
          nicolae_ru_sacrificial_ziggurat, kennysheep_okawaru_gauntlet,
          temple_doors_ab
D:6:      layout_loops_ring, nzn_wu_jian_contemplation,
          mainiacjoe_overflow_catwalk, mainiacjoe_overflow_alcove_2,
          lemuel_crystal_altar, gup_sewer_entry_glass
D:7:      layout_cave_pools, dk_rats_in_the_wall, uniq_maggie
D:8:      layout_loops_ring, nemelex_diamond_rough_becter, lemuel_tele_altar,
          grunt_lair_entry_orc_guard_hut, ebering_ghost_inner_flame
D:9:      minmay_spotlight, layout_small_grid
D:10:     layout_roguey, special_room [special_room_orc], uniq_sonja, uniq_erica
D:11:     layout_roguey, david_orc_2

Skill      XL: |  1  2  3  4  5  6  7  8  9 10 11 |
---------------+----------------------------------+-----
Conjurations   | 5 6 7 8 9 10 12 14 | 14.3
Spellcasting   | 6 11 12 15 | 15.3
Dodging        | 4 |  4.1
Translocations | 3 |  3.0
Fighting       | 4 |  4.0
Evocations     | 5 |  5.3
Stealth        | |  2.4

Action                     |  1- 3 |  4- 6 |  7- 9 | 10-12 || total
---------------------------+-------+-------+-------+-------++-------
  Melee: Unarmed           |    11 |       |       |       ||    11
         Dagger            |     1 |       |       |       ||     1
         Club              |       |     2 |       |       ||     2
         Staff             |       |     5 |     3 |    21 ||    29
         Spear             |       |       |       |    16 ||    16
         Punch             |       |       |       |     1 ||     1
   Cast: Magic Dart        |    56 |   134 |    76 |    28 ||   294
         Searing Ray       |       |    16 |    56 |    15 ||    87
         Iskenderun's Myst |       |       |     5 |    23 ||    28
         Stone Arrow       |       |       |       |   132 ||   132
  Evoke: Wand              |       |       |       |     1 ||     1
    Use: Potion            |       |       |     1 |     1 ||     2
 Armour: Robe              |     3 |     7 |     7 |       ||    17
         Acid dragon scale |       |       |    10 |    22 ||    32
  Dodge: Dodged            |    16 |    13 |    81 |    64 ||   174

Table legend: (Time is in decaauts)
 A = Elapsed time spent in this place.
 B = Non-inter-level travel time spent in this place.
 C = Inter-level travel time spent in this place.
 D = Time resting spent in this place.
 E = Time spent auto-exploring this place.
 F = Levels seen in this place.
 G = Mean time per level.
                   A        B        C        D        E       F      G
               +--------+--------+--------+--------+--------+-----+--------+
         Total |  12761 |  12336 |    425 |    811 |   9887 |  12 | 1063.4 |
       Dungeon |  12487 |  12062 |    425 |    811 |   9646 |  11 | 1135.2 |
         Sewer |    273 |    273 |      0 |      0 |    241 |   1 |  273.0 |
               +--------+--------+--------+--------+--------+-----+--------+

Top non-repeatable levels by time:
     D:9: 1584 daAuts
     D:4: 1497 daAuts
    D:10: 1434 daAuts
     D:3: 1241 daAuts
     D:5: 1120 daAuts
     D:1: 1051 daAuts
    D:11: 1033 daAuts
     D:8: 1032 daAuts
     D:6: 961 daAuts
     D:7: 809 daAuts
     D:2: 720 daAuts
   Sewer: 273 daAuts
